AoeStats
← Jazzmushroom

Black Forest

510602355Analyzed
4v4 RM · 1d ago on Oct 1, 2026· 51m 33s· 8 players
Game mode
Random Map
Map size
Large (8 player)
Population
200
Speed
Normal
Resources
Standard
Victory
Conquest
Starting age
Dark Age
Ending age
Imperial Age
RankedLock teamsTeams togetherTeam positionsShared explorationLock speedFull tech treeHidden civsTurbo modeCheats
Victory
Defeat
🇦🇹 Tatars · Austria
1505
+17
🇨🇭 Berbers · Switzerland
1489
+18
🇦🇷 Varangians · Argentina
1489
+18
🇦🇷 Saxons · Argentina
1431
+20
🇹🇷 Varangians · Türkiye
1627
-22
🇹🇷 Japanese · Türkiye
1538
-19
🇹🇷 Persians · Türkiye
1502
-17
🇺🇸 Mongols · United States
1437
-15
Dificult
10:10 Feudal Age
14:07 Castle Age
12:20 Double-Bit Axe
12:18 Horse Collar
15:18 Bow Saw
15:43 Heavy Plow
19:35 Loom
25:28 Wheelbarrow
24:39 Town Watch
28:53 Hand Cart
30:46 Forging
31:00 Squires
30:45 Arson
31:04 Scale Mail Armor
35:07 Imperial Age
34:12 Iron Casting
33:52 Chain Mail Armor
35:35 Elite Varangian Guard
38:44 Blast Furnace
38:16 Gambesons
39:19 Plate Mail Armor
40:28 Crop Rotation
40:59 Two-Man Saw
39:53 Gold Mining
40:53 Conscription
39:58 Gothikon
42:48 Masonry
42:31 Stone Mining
44:11 Architecture
44:08 Town Patrol
43:59 Fletching
44:37 Bodkin Arrow
46:35 Stone Shaft Mining
47:18 Caravan
47:48 Coinage
47:29 Guilds
50:10 Chemistry
mt
8:39 Feudal Age
9:25 Loom
10:21 Double-Bit Axe
10:17 Horse Collar
21:00 Castle Age
19:13 Forging
19:32 Scale Barding Armor
21:07 Bloodlines
22:12 Chain Barding Armor
21:26 Light Cavalry
22:44 Iron Casting
24:40 Wheelbarrow
24:24 Bow Saw
26:05 Gold Mining
27:09 Heavy Plow
29:43 Stone Mining
34:08 Imperial Age
32:52 Husbandry
33:04 Fletching
33:14 Padded Archer Armor
34:00 Bodkin Arrow
34:40 Hand Cart
34:43 Leather Archer Armor
34:49 Ballistics
34:41 Masonry
35:55 Chemistry
35:16 Ballistics
35:13 Masonry
35:18 Bracer
35:14 Elite Camel Archer
35:21 Elite Camel Archer
36:33 Ring Archer Armor
36:25 Ballistics
45:55 Caravan
47:17 Conscription
Joker
9:42 Loom
11:47 Feudal Age
11:54 Man-at-Arms
17:39 Castle Age
17:29 Fletching
26:29 Bodkin Arrow
30:01 Double-Bit Axe
43:36 Bow Saw
45:12 Wheelbarrow
47:59 Horse Collar
50:14 Heavy Plow
Blas de lezo
7:54 Loom
11:59 Feudal Age
15:31 Castle Age
14:11 Fishing Lines
14:22 Double-Bit Axe
16:21 Bow Saw
20:36 Horse Collar
26:14 Heavy Plow
27:45 Wheelbarrow
31:29 Hand Cart
33:44 Imperial Age
32:10 Sanctity
31:18 Clerical Recruitment
32:53 Scale Mail Armor
33:49 Chain Mail Armor
33:33 Town Watch
34:40 Squires
34:25 Gambesons
34:41 Squires
34:48 Scale Barding Armor
34:56 Forging
34:24 Elite Varangian Guard
34:27 Shield Wall
35:29 Conscription
36:38 Plate Mail Armor
36:48 Iron Casting
36:52 Arson
48:05 Onager
Jazzmushroom
10:39 Feudal Age
11:27 Double-Bit Axe
13:23 Fishing Lines
16:13 Castle Age
14:52 Wheelbarrow
17:33 Bow Saw
19:14 Horse Collar
22:09 Loom
24:24 Hand Cart
24:22 Heavy Plow
24:35 Gillnets
25:00 Stone Mining
25:58 Gold Mining
27:29 Stone Shaft Mining
27:30 Gold Shaft Mining
27:08 Fletching
28:29 Ballistics
28:15 Town Watch
29:11 Bodkin Arrow
29:17 Padded Archer Armor
29:31 Masonry
32:47 Imperial Age
32:54 Coinage
32:56 Leather Archer Armor
33:15 Bloodlines
33:05 Husbandry
33:49 Drill
32:52 Elite Mangudai
33:53 Conscription
32:57 Capped Ram
34:04 Bracer
35:07 Chemistry
34:36 Parthian Tactics
35:40 Banking
34:57 Siege Ram
41:25 Heavy Scorpion
46:36 Hoardings
46:10 Siege Engineers
50:42 Caravan
Saruman
6:18 Loom
10:02 Feudal Age
14:44 Castle Age
14:22 Scale Barding Armor
20:11 Husbandry
21:32 Bloodlines
24:03 Chain Barding Armor
27:40 Forging
30:11 Iron Casting
32:44 Horse Collar
35:18 Gold Mining
41:32 Wheelbarrow
40:43 Town Watch
43:43 Imperial Age
43:22 Cavalier
44:49 Plate Barding Armor
46:47 Blast Furnace
45:48 Fletching
47:37 Chemistry
46:44 Padded Archer Armor
47:48 Conscription
48:48 Ballistics
48:44 Murder Holes
48:53 Bodkin Arrow
Ainz_Own_Goal
3:41 Loom
11:25 Feudal Age
28:12 Castle Age
26:10 Horse Collar
32:38 Imperial Age
33:34 Double-Bit Axe
38:02 Bow Saw
37:53 Heavy Plow
39:10 Scale Mail Armor
39:21 Forging
39:12 Gambesons
39:28 Squires
39:13 Arson
39:13 Elite Varangian Guard
39:59 Scale Barding Armor
40:12 Chain Mail Armor
39:24 Gothikon
40:50 Wheelbarrow
41:18 Two-Man Saw
41:54 Iron Casting
42:28 Plate Mail Armor
Théoden
5:09 Loom
9:44 Feudal Age
11:19 Man-at-Arms
14:45 Arson
22:36 Castle Age
20:24 Double-Bit Axe
21:34 Gold Mining
21:35 Fletching
22:35 Horse Collar
23:15 Bodkin Arrow
23:35 Bow Saw
24:46 Wheelbarrow
24:16 Padded Archer Armor
24:33 Thumb Ring
25:44 Ballistics
27:19 Husbandry
28:03 Leather Archer Armor
34:07 Heavy Plow
34:39 Town Watch
35:36 Bloodlines
35:45 Hand Cart
37:18 Gold Shaft Mining
42:11 Imperial Age
42:17 Imperial Age
48:25 Fortified Wall
Connection lost

Rejoining the realm…

Still unreachable

The connection could not be restored.

Session expired

The server has moved on; the page needs a fresh start.